 Dungeon Crawl Stone Soup version 0.30.1-9-gdf580d7c3d (webtiles) character file.

Game seed: 14477720326053158342

1264 lonewolfV2 the Chopper (level 8, 0/51 HPs)
             Began as a Gargoyle Fighter on Sept 26, 2023.
             Slain by Maggie
             ... wielding a +2 war axe of flaming
              (2 damage)
             ... on level 6 of the Dungeon.
             The game lasted 00:08:03 (5945 turns).

lonewolfV2 the Chopper (Gargoyle Fighter)           Turns: 5945, Time: 00:08:05

Health: 0/51       AC: 17    Str: 16    XL:     8   Next: 52%
Magic:  8/8        EV: 10    Int: 15    God:
Gold:   1002       SH:  5    Dex: 11    Spells: 7/7 levels left

rFire   + . .        a - +0 war axe
rCold   . . .        c - +0 buckler
rNeg    + + +        i - +6 ring mail of the Ego {+Inv rN++ Str-4 SInv}
rPois   ∞            (no helmet)
rElec   +            (no cloak)
rCorr   .            (no gloves)
SInv    +            (no boots)
Will    .....        (no amulet)
Stlth   +            f - +6 ring of intelligence
HPRegen 0.28/turn    n - ring of protection from fire
MPRegen 0.11/turn

%: no passive effects
@: about to teleport, studying Unarmed Combat
A: sickness immunity, AC +5, negative energy resistance 1, electricity
resistance, torment resistance 1, petrification resistance
a: Evoke Invisibility


You were on level 6 of the Dungeon.
You visited 2 branches of the dungeon, and saw 7 of its levels.

You collected 1002 gold pieces.

Inventory:

Hand Weapons
 a - a +0 war axe (weapon)
Armour
 b - a +0 scale mail
 c - a +0 buckler (worn)
 i - the +6 ring mail of the Ego (worn) {+Inv rN++ Str-4 SInv}
   (You found it on level 3 of the Dungeon)

   Str:       It affects your strength (-4).
   rN:        It greatly protects you from negative energy.
   SInv:      It lets you see invisible.
   +Inv:      It lets you turn invisible.
 r - the +1 robe of Fashionability {rF+++ rC++ Int-4}
   (You found it on level 4 of the Dungeon)

   Int:       It affects your intelligence (-4).
   rF:        It renders you almost immune to fire.
   rC:        It greatly protects you from cold.
Jewellery
 f - a +6 ring of intelligence (left hand)
 g - a ring of willpower
 m - a ring of fire
 n - a ring of protection from fire (right hand)
 o - a ring of fire
Wands
 d - a wand of light (3)
Scrolls
 e - 2 scrolls of amnesia
 h - a scroll of poison
 l - 2 scrolls of teleportation
 q - a scroll of torment {unknown}
 s - a scroll of identify
Potions
 j - a potion of brilliance
 p - a potion of flight {unknown}


   Skills:
 + Level 5.7 Fighting
 + Level 6.3 Axes
 + Level 5.4 Armour
 + Level 2.2 Dodging
 + Level 0.3 Stealth
 + Level 4.8 Shields


You had 7 spell levels left.
You didn't know any spells.
Your spell library contained the following spells:

 Spells                   Type           Power      Damage    Failure   Level
 Wereblood                Tmut           0%         N/A       67%         2
 Frozen Ramparts          Ice            0%         1d1       88%         3
 Vhi's Electric Charge    Tloc/Air       0%         N/A       88%         3
 Ice Form                 Ice/Tmut       0%         N/A       99%         4
 Summon Ice Beast         Ice/Summ       0%         N/A       99%         4
 Arcjolt                  Conj/Air       0%         1d10      100%        5
 Summon Hydra             Summ           0%         N/A       100%        7
 Maxwell's Capacitive Co  Air            0%         ∞         100%        8
 Sublimation of Blood     Necr           Unusable   N/A       N/A         2

Dungeon Overview and Level Annotations

Branches:
Dungeon (6/15)             Temple (1/1) D:5

Altars:
Ashenzari
Dithmenos
Fedhas
Hepliaklqana
Makhleb
Okawaru
Qazlal
Sif Muna
Trog
Vehumet
Wu Jian
Xom
The Shining One

Shops:
D:1 *   D:2 (

Annotations:
D:3 2 transporters
D:5 2 transporters, ChiefBigBeans's ghost, amateur TeHu
D:6 Maggie


Innate Abilities, Weirdness & Mutations

You are immune to sickness and miasma.
Your stone body is resilient. (AC +5)
You are immune to poison.
You resist negative energy. (rN+)
You are resistant to electric shocks. (rElec)
You are resistant to unholy torment.
You are immune to petrification.


Message History

The bolt of fire hits you! You resist.
You closely miss Maggie. You barely miss the orc. You hit the adder.
The adder bites you. You block Maggie's attack. You block the orc's attack.
You closely miss Maggie. You barely miss the orc. You hit the adder.
The adder bites you but does no damage. Maggie hits you but does no damage.
The orc barely misses you. The adder barely misses you.
You hit Maggie.
Maggie is lightly wounded.
You hit the orc. You barely miss the adder.
The adder bites you but does no damage.
Maggie casts a spell.
Maggie attempts to bespell you! You resist with almost no effort.
The orc closely misses you.
You hit Maggie.
Maggie is lightly wounded.
You barely miss the adder. You hit the orc.
You kill the orc!
The adder bites you but does no damage. Maggie casts a spell at you.
The bolt of fire hits you! You resist. The adder bites you.
The scorpion barely misses you. Maggie barely misses you.
You closely miss Maggie.
Maggie is lightly wounded.
You closely miss the scorpion. You barely miss the adder.
The adder barely misses you. The scorpion stings you. The adder misses you.
Maggie closely misses you.
You hit Maggie but do no damage.
Maggie is lightly wounded.
You closely miss the adder. You barely miss the scorpion.
The scorpion barely misses you. The adder barely misses you.
Maggie hits you with a +2 war axe of flaming.
* * * LOW HITPOINT WARNING * * *
You block the scorpion's attack.
As you read the scroll of teleportation, it crumbles to dust.
You feel strangely unstable. The adder bites you but does no damage.
The scorpion stings you but does no damage.
Maggie hits you with a +2 war axe of flaming!
* * * LOW HITPOINT WARNING * * *
Maggie burns you.
You die...

.. . .# .#
########.# #.#
........ ...
##...#.####.#
#...........#
#..........#..#
#....S@<$......
#...=@s...[....
#..............
#..........)...
#..........#.#.
#.........:# #
##########.#
... ##


You could see Maggie, a scorpion and an adder.

Vanquished Creatures
  Grinder (D:3)
  A wyvern (D:5)
  2 black bears
  A phantom (D:5)
  A bullfrog (D:6)
  A wight (D:5)
  A killer bee (D:5)
  3 hounds (D:5)
  3 orc priests
  Ijyb (D:4)
  3 iguanas (D:5)
  3 gnolls (D:5)
  4 adders
  3 worms
  4 dart slugs
  25 orcs
  2 endoplasms
  10 giant cockroaches
  8 goblins
  9 hobgoblins
  7 jackals
  3 kobolds
  3 quokkas (D:4)
  5 ball pythons
  A bat (D:1)
  7 frilled lizards
  6 rats
118 creatures vanquished.

Vanquished Creatures (others)
  An orc wizard (D:5)
1 creature vanquished.

Grand Total: 119 creatures vanquished

Notes
Turn   | Place    | Note
-------+----------+-------------------------------------------
     0 | D:1      | lonewolfV2 the Gargoyle Fighter began the quest for the
                  | Orb.
     0 | D:1      | Reached XP level 1. HP: 14/14 MP: 1/1
    96 | D:1      | Reached XP level 2. HP: 13/19 MP: 2/2
   655 | D:1      | Found Otefyaza's General Store.
   757 | D:2      | Found Erien's Weapon Shop.
   765 | D:2      | Reached XP level 3. HP: 23/23 MP: 3/3
   795 | D:2      | Reached skill level 2 in Axes
  1303 | D:2      | Reached XP level 4. HP: 27/29 MP: 4/4
  1322 | D:2      | Identified a scroll of acquirement
  1322 | D:2      | Acquired 711 gold pieces
  1401 | D:3      | Identified the +6 ring mail of the Ego {+Inv rN++ Str-4
                  | SInv}
  1475 | D:3      | Noticed a black bear
  1487 | D:3      | Killed a black bear
  1488 | D:3      | Reached skill level 3 in Axes
  1488 | D:3      | Reached XP level 5. HP: 12/33 MP: 5/5
  2294 | D:3      | Noticed Grinder
  2299 | D:3      | Paralysed by Grinder for 3 turns
  2341 | D:3      | Paralysed by Grinder for 3 turns
  2360 | D:3      | Killed Grinder
  2361 | D:3      | Reached skill level 4 in Axes
  2361 | D:3      | Reached skill level 1 in Dodging
  2361 | D:3      | Reached XP level 6. HP: 5/39 MP: 6/6
  2755 | D:3      | Found a transporter.
  2761 | D:3      | Found a transporter.
  2835 | D:3      | Found a blossoming altar of Fedhas.
  3051 | D:4      | Noticed Ijyb
  3488 | D:4      | Killed Ijyb
  3735 | D:4      | Reached XP level 7. HP: 44/44 MP: 7/7
  4161 | D:4      | Identified the +1 robe of Fashionability {rF+++ rC++ Int-4}
  4251 | D:5      | Entered Level 5 of the Dungeon
  4410 | D:5      | Reached skill level 5 in Armour
  4511 | D:5      | HP: 2/44 [wight/+0 great sword (5)]
  4517 | D:5      | Reached skill level 5 in Axes
  4637 | D:5      | Noticed a wyvern
  4659 | D:5      | Killed a wyvern
  4660 | D:5      | Reached skill level 5 in Fighting
  4660 | D:5      | Reached XP level 8. HP: 22/49 MP: 8/8
  4850 | D:5      | Found a staircase to the Ecumenical Temple.
  4883 | Temple   | Entered the Ecumenical Temple
  5091 | D:5      | Reached skill level 6 in Axes
  5551 | D:5      | Noticed ChiefBigBeans's ghost (amateur TeHu)
  5552 | D:5      | Found a transporter.
  5552 | D:5      | Identified the +6 great mace "Eviscerator" {flame, rPois
                  | MP+9 Dex+2}
  5615 | D:5      | Found an ornate altar of the Wu Jian Council.
  5673 | D:5      | Found an iron altar of Okawaru.
  5783 | D:5      | Found a burning altar of Makhleb.
  5783 | D:5      | Found a hazy altar of Hepliaklqana.
  5890 | D:5      | Found a transporter.
  5932 | D:6      | Noticed Maggie
  5945 | D:6      | HP: 2/51 [Maggie/+2 war axe of flaming (12)]
  5945 | D:6      | Slain by Maggie

Illustrated notes

Levels and vault maps discovered:
D:1:      dpeg_arrival_prison, layout_basic, serial_shops,
          nicolae_lakefront_shop, serial_glass, glass_columns_a,
          glass_columns_a, glass_columns_a, glass_columns_c, glass_columns_a,
          glass_columns_a, glass_columns_c, glass_columns_c,
          minmay_misc_feat_four_crosses
D:2:      layout_rooms, serial_shops, shop, minmay_misc_feat_five
D:3:      cheibrodos_old_hovel, layout_basic, fedhas_altar_fruit_tree,
          gammafunk_ghost_gnarly_gnolls, chequers_serial_rivers_micro_a,
          minmay_checkerbox, uniq_grinder
D:4:      layout_gridville, uniq_ijyb
D:5:      layout_gridville, okawaru_altar_gauntlet_db,
          lemuel_coloured_pillars_altar, minitemple,
          minmay_temple_entry_slanted, serial_glass, glass_columns_b,
          glass_columns_c, gammafunk_ghost_smash, minmay_manual_monstrance
D:6:      layout_rooms, uniq_menkaure, uniq_duvessa, uniq_eustachio, uniq_maggie
Temple:   nicolae_temple_two_arcs

Skill      XL: |  1  2  3  4  5  6  7  8 |
---------------+-------------------------+-----
Axes           | 2 3 4 5 6 |  6.3
Armour         | 4 5 |  5.4
Fighting       | 4 5 |  5.7
Dodging        | 1 2 |  2.2
Shields        | 4 |  4.8
Stealth        | |  0.3

Action                     |  1- 3 |  4- 6 |  7- 9 || total
---------------------------+-------+-------+-------++-------
  Melee: War axe           |    87 |   115 |   200 ||   402
    Use: Scroll            |     5 |     7 |     1 ||    13
         Potion            |       |     3 |     4 ||     7
 Armour: Scale mail        |    51 |    74 |    49 ||   174
         Ring mail         |       |       |   125 ||   125
  Dodge: Dodged            |    42 |    58 |   151 ||   251
  Block: Buckler           |    18 |    28 |    65 ||   111
